 Dungeon Crawl Stone Soup version 0.24.0-1-gfbc8707 (webtiles) character file.

Game seed: 1963821853183536957, levelgen mode: deterministic

119 Buxparty the Cutter (level 4, -2/34 HPs)
             Began as a Mummy Gladiator on Jan 3, 2020.
             Slain by a hobgoblin
             ... wielding a +0 club
              (5 damage)
             ... on level 3 of the Dungeon.
             The game lasted 00:03:42 (1589 turns).

Buxparty the Cutter (Mummy Gladiator)               Turns: 1589, Time: 00:03:43

Health: -2/34      AC:  4    Str: 18    XL:     4   Next: 74%
Magic:  4/4        EV: 13    Int:  7    God:
Gold:   19         SH:  0    Dex: 13    Spells: 3/3 levels left

rFire    x . .     SeeInvis .   a - +0 rapier
rCold    + . .     Gourm    .   (no shield)
rNeg     + + +     Faith    .   b - +0 leather armour
rPois    ∞         Spirit   .   c - +0 helmet
rElec    .         Reflect  .   (no cloak)
rCorr    .         Harm     .   (no gloves)
MR       .....                  (no boots)
Stlth    +.........             (no amulet)
HPRegen  0.11/turn              (no ring)
MPRegen  0.09/turn              (no ring)

@: no status effects
A: no food or potions, fire vulnerability, cold resistance 1, negative energy
resistance 3, torment resistance, unbreathing
a: no special abilities


You were on level 3 of the Dungeon.
You were not hungry.

You visited 1 branch of the dungeon, and saw 3 of its levels.

You collected 19 gold pieces.

Inventory:

Hand Weapons
 a - a +0 rapier (weapon)
Missiles
 d - 3 throwing nets (quivered)
 g - 5 poisoned darts
 i - 8 boomerangs
Armour
 b - a +0 leather armour (worn)
 c - a +0 helmet (worn)
 l - a scarf of repulsion
Scrolls
 e - 2 scrolls of enchant armour {unknown}
 f - 3 scrolls of identify {unknown}
 h - a scroll of enchant weapon {unknown}
 j - a scroll of amnesia {unknown}
 k - a scroll of remove curse {unknown}


   Skills:
 + Level 2.9 Fighting
 * Level 3.7 Short Blades
 - Level 1.6 Throwing
 + Level 3.0 Dodging


You had 3 spell levels left.
You didn't know any spells.
Your spell library was empty.

Dungeon Overview and Level Annotations

Branches:
Dungeon (3/15)

Altars:


Innate Abilities, Weirdness & Mutations

You do not eat or drink.
Your flesh is vulnerable to fire.
You are immune to poison.
Your flesh is cold resistant. (rC+)
You are immune to negative energy. (rN+++)
You are immune to unholy pain and torment.
You can survive without breathing.


Message History

The adder is severely wounded.
The adder closely misses you. The hobgoblin hits you with a +0 club.
The adder bites you.
You barely miss the adder.
The adder is severely wounded.
The hobgoblin closely misses you. The adder barely misses you.
You barely miss the adder.
The adder is severely wounded.
The hobgoblin hits you with a +0 club.
* * * LOW HITPOINT WARNING * * *
The adder barely misses you.
You hit the adder.
The adder is almost dead.
The adder closely misses you. The hobgoblin hits you with a +0 club.
* * * LOW HITPOINT WARNING * * *
The adder bites you but does no damage.
You hit the adder but do no damage.
The adder is almost dead.
The hobgoblin hits you with a +0 club.
You die...

[ $....# # .....# #
#######.... #
#...........# #
#...........# # #
#...######.##.##.# #
#...###..........# #
#.......##.##.#### #
#.#.######@# # #
#........gS##.
#######.............#
..........###########
#######.### #######.#
........# #########


You could see an adder and a hobgoblin.

Vanquished Creatures
  A hound (D:3)
  4 adders
  An ooze (D:1)
  A worm (D:2)
  2 leopard geckos
  2 orcs (D:3)
  A ball python (D:3)
  3 giant cockroaches (D:1)
  2 goblins (D:1)
  5 hobgoblins
  9 bats
  2 frilled lizards (D:1)
  10 kobolds
  2 rats (D:1)
45 creatures vanquished.

Notes
Turn   | Place    | Note
-------+----------+-------------------------------------------
     0 | D:1      | Buxparty the Mummy Gladiator began the quest for the Orb.
     0 | D:1      | Reached XP level 1. HP: 16/16 MP: 1/1
   436 | D:1      | Reached XP level 2. HP: 22/22 MP: 2/2
   693 | D:1      | Reached XP level 3. HP: 20/27 MP: 3/3
  1138 | D:2      | You fall into a shaft and drop 1 floor!
  1163 | D:3      | Reached XP level 4. HP: 25/34 MP: 4/4
  1589 | D:3      | Slain by a hobgoblin

Levels and vault maps discovered:
D:1:      erik_arrival_triangle_huge, layout_basic, minmay_stone_trees_large,
          minmay_heptomino_w4
D:2:      layout_rooms, first_ration, kennysheep_generic_room_13,
          uniq_crazy_yiuf_cottage
D:3:      layout_loops_ring, st_stairs_5

Skill      XL: |  1  2  3  4 |
---------------+-------------+-----
Short Blades   | 3 |  3.7
Dodging        | 3 |  3.0
Fighting       | |  2.9
Throwing       | |  1.6

Action                   |  1- 3 |  4- 6 || total
-------------------------+-------+-------++-------
Melee: Rapier            |   101 |    61 ||   162
 Stab: Sleeping          |     1 |       ||     1
Armor: Leather armour    |    40 |     8 ||    48
Dodge: Dodged            |    74 |    30 ||   104
